Map: [ESL] Curious Minds

Players

HeroMarine

  • Race: Terran Terran

Lambo - Winner!

  • Race: Zerg Zerg

Event: IEM Katowice 2022

VOD

Have the link to the VOD?

Description

Time

  • Played on: Feb. 25, 2022, 5:12 a.m.
  • Length: 9:32

All games in this series

Show
View Real Time Build Order
Export as new Build Order

HeroMarine Terran 

Build Orders: Hellion Opening 

Get SALT Encoding   

  12  0:00  SCV  
  13  0:12  SCV  
  14  0:17  Supply Depot  
  14  0:24  SCV  
  15  0:38  SCV  
  15  0:40  Barracks  
  16  0:43  Refinery  
  16  0:50  SCV  
  17  1:02  SCV  
  18  1:14  SCV  
  19  1:27  Orbital Command  
  19  1:28  Barracks Reactor  
  19  1:39  Command Center  
  19  1:46  Supply Depot  
  19  1:52  SCV  
  20  2:04  SCV, Marine x2  
  23  2:08  Factory  
  23  2:16  SCV  
  23  2:21  Marine  
  23  2:22  Marine  
  26  2:28  SCV  
  27  2:32  Refinery  
  27  2:35  Bunker  
  27  2:40  SCV  
  28  2:52  SCV  
  28  2:54  Starport, Orbital Command  
  30  3:01  Hellion  
  30  3:02  Hellion  
  33  3:06  SCV  
  33  3:08  Marine  
  35  3:18  SCV  
  36  3:22  Hellion  
  36  3:25  Hellion  
  36  3:27  Supply Depot  
  40  3:30  Medivac  
  40  3:32  Armory  
  42  3:38  Marine  
  43  3:42  SCV  
  43  3:43  Hellion  
  46  3:49  Hellion  
  46  3:51  Supply Depot  
  46  3:53  SCV  
  46  3:54  SCV  
  50  3:58  Barracks Tech Lab  
  50  4:02  Liberator  
  54  4:12  Hellion x2  
  54  4:15  Supply Depot  
  57  4:17  SCV x2  
  59  4:29  SCV x2  
  61  4:32  Hellion x2  
  61  4:37  Hellion x2  
  65  4:41  SCV x2  
  65  4:42  Marine  
  59  4:52  Hellion  
  53  4:54  SCV x2  
  53  4:57  Command Center  
  55  5:01  Stimpack  
  54  5:08  Marine  
  54  5:12  Factory Reactor  
  56  5:14  SCV x2  
  56  5:20  Barracks  
  57  5:23  Barracks  
  57  5:26  SCV x2, Marine  
  60  5:29  Engineering Bay  
  60  5:30  Engineering Bay  
  60  5:35  Starport Reactor  
  60  5:38  SCV x2  
  62  5:44  Marine  
  62  5:49  Refinery  
  52  5:50  SCV x2, Refinery  
  54  5:58  Barracks, Terran Infantry Weapons Level 1  
  54  5:59  Barracks, Terran Infantry Armor Level 1  
  54  6:00  Factory Reactor  
  54  6:02  SCV x2, Marine  
  57  6:08  Marine x2  
  59  6:11  Orbital Command  
  59  6:14  SCV  
  59  6:15  SCV  
  59  6:17  Marine x2  
  63  6:19  Marine  
  63  6:21  Medivac x2  
  63  6:25  Supply Depot  
  68  6:26  SCV, Marine  
  68  6:27  SCV, Marine  
  72  6:33  Orbital Command  
  72  6:35  Marine x2  
  72  6:37  Marine  
  72  6:39  SCV  
  76  6:40  Combat Shield  
  76  6:44  Supply Depot x2  
  76  6:46  SCV  
  77  6:47  Marine x2  
  77  6:51  SCV  
  77  6:53  Marine  
  83  6:54  Widow Mine x2  
  83  6:56  Barracks Reactor, Medivac  
  83  6:57  Barracks Reactor  
  83  6:59  SCV  
  86  7:03  SCV x2  
  86  7:05  Marine  
  86  7:06  Marine  
  86  7:07  Marine  
  89  7:12  SCV  
  89  7:13  Marine x2  
  89  7:15  SCV  
  93  7:16  Supply Depot, SCV  
  94  7:23  Marine  
  94  7:24  Marine  
  94  7:25  Widow Mine x2, Marine  
  94  7:26  Medivac  
  94  7:28  Medivac  
  107  7:30  Marine  
  107  7:31  SCV  
  107  7:32  SCV, Refinery  
  107  7:35  Supply Depot, Marine  
  107  7:36  Supply Depot  
  109  7:37  Marine  
  109  7:40  Marine x2  
  109  7:43  Marine  
  112  7:46  Widow Mine x2  
  112  7:49  SCV x2  
  112  7:50  SCV  
  118  7:52  Marine x2  
  118  7:55  Marine x3  
  122  8:01  SCV, Marine  
  122  8:03  Marine x2  
  126  8:05  Marine  
  126  8:08  Widow Mine x2  
  126  8:09  Marine x2  
  126  8:10  Factory  
  133  8:13  Marine  
  124  8:21  Marine x2  
  124  8:25  Marine  
  124  8:26  Marine x3  
  125  8:27  Marine  
  125  8:29  Widow Mine  
  125  8:32  Marine  
  125  8:33  Marine, Command Center  
  128  8:36  Widow Mine  
  128  8:37  Medivac  
  132  8:43  Supply Depot x2  
  132  8:48  SCV x2  
  126  8:50  Widow Mine  
  126  8:52  SCV, Marine x5  
  120  8:55  Marine  
  120  8:56  Marine x3  
  120  9:00  SCV x2  
  112  9:04  SCV  
  113  9:10  Marine x4  
  113  9:12  SCV x2  
  113  9:16  SCV  
Show
View Real Time Build Order
Export as new Build Order

Lambo Zerg - Winner!

Build Orders: Pool First 

Get SALT Encoding   

  12  0:00  Drone  
  13  0:13  Overlord  
  13  0:17  Drone  
  14  0:31  Drone x2  
  14  0:34  Drone  
  17  0:43  Spawning Pool  
  17  0:47  Drone  
  17  1:06  Hatchery  
  17  1:10  Drone  
  17  1:13  Drone  
  17  1:15  Extractor  
  17  1:18  Drone  
  18  1:30  Queen  
  18  1:31  Zergling x2  
  21  1:40  Overlord  
  21  1:49  Drone  
  23  2:01  Drone  
  23  2:08  Queen  
  25  2:13  Drone  
  26  2:17  Hatchery  
  26  2:20  Drone  
  27  2:22  Drone  
  27  2:30  Metabolic Boost  
  27  2:32  Drone  
  27  2:35  Drone  
  29  2:38  Drone  
  29  2:41  Drone  
  31  2:48  Queen  
  33  2:52  Overlord  
  33  2:54  Drone  
  33  2:57  Drone  
  35  2:59  Drone  
  36  3:09  Queen  
  36  3:10  Drone x2  
  40  3:13  Drone  
  40  3:14  Drone  
  40  3:18  Drone x2  
  44  3:27  Overlord  
  44  3:29  Queen  
  44  3:31  Overlord  
  46  3:37  Queen  
  46  3:41  Drone x2  
  50  3:46  Drone x2  
  50  3:47  Queen  
  54  3:50  Zergling x4  
  54  3:52  Zergling x2  
  54  3:54  Zergling x2  
  57  3:56  Zergling x2  
  57  3:59  Zergling x4  
  57  4:02  Overlord  
  60  4:05  Zergling x2  
  60  4:08  Zergling x2  
  60  4:09  Zergling x2  
  63  4:12  Zergling x4  
  65  4:19  Overlord  
  65  4:20  Queen, Overlord  
  67  4:24  Overlord  
  67  4:26  Overlord  
  67  4:29  Overlord  
  67  4:39  Zergling x12  
  67  4:40  Zergling x2  
  67  4:45  Zergling x2  
  70  4:46  Drone x3  
  70  4:48  Drone  
  70  4:49  Drone  
  74  4:53  Drone x3  
  74  4:58  Spore Crawler  
  76  5:00  Drone  
  76  5:03  Drone x2  
  76  5:05  Spore Crawler x2  
  77  5:09  Drone x4  
  77  5:13  Drone  
  82  5:15  Lair  
  82  5:17  Drone  
  82  5:20  Drone  
  84  5:24  Drone  
  84  5:26  Drone, Extractor  
  84  5:27  Baneling Nest  
  84  5:28  Drone  
  84  5:29  Drone x3  
  84  5:32  Extractor x2  
  86  5:36  Drone x5  
  86  5:37  Drone  
  90  5:43  Drone x3  
  90  5:46  Drone  
  89  5:52  Drone x2  
  91  6:02  Drone, Evolution Chamber x2  
  90  6:05  Drone  
  90  6:06  Hatchery, Drone  
  90  6:07  Overlord  
  90  6:09  Drone  
  92  6:11  Overlord  
  92  6:14  Centrifugal Hooks  
  92  6:17  Drone x2  
  94  6:23  Drone x4  
  98  6:30  Hatchery  
  98  6:32  Drone x5  
  102  6:36  Zerg Ground Armor Level 1  
  101  6:40  Zerg Melee Weapons Level 1  
  101  6:43  Zergling x10  
  101  6:46  Zergling x4  
  107  6:59  Zergling x16  
  115  7:07  Overlord  
  115  7:08  Drone x2  
  115  7:09  Drone  
  115  7:12  Drone x2  
  120  7:18  Overlord  
  120  7:19  Hatchery  
  120  7:22  Baneling x9, Zergling x12  
  124  7:24  Baneling  
  124  7:25  Queen x2  
  124  7:28  Zergling x6  
  131  7:35  Spore Crawler, Overlord  
  130  7:39  Zergling x12  
  130  7:43  Overlord  
  142  7:51  Drone x6, Queen  
  142  7:54  Baneling x2  
  142  7:55  Overseer  
  142  7:56  Zergling x14  
  151  8:01  Pneumatized Carapace  
  151  8:03  Zergling x8  
  146  8:07  Zergling x6  
  146  8:09  Overseer  
  146  8:12  Zergling x8  
  152  8:14  Baneling x13  
  152  8:15  Overlord  
  147  8:20  Zergling x10  
  147  8:22  Zergling x10  
  147  8:26  Baneling, Zergling x2  
  147  8:27  Baneling x4  
  146  8:29  Zergling x8  
  146  8:30  Baneling x5  
  146  8:32  Zergling x6  
  152  8:37  Zergling x6  
  152  8:38  Baneling x5  
  152  8:39  Overlord  
  154  8:43  Zergling x10  
  146  8:54  Zergling x20  
  148  8:59  Zergling x12  
  148  9:01  Zergling x2  
  148  9:02  Zergling x2  
  148  9:03  Zergling x2  
  149  9:11  Zergling x14  
  149  9:14  Baneling x14  

Tags
 
Add a new tag
Caveats
  • Supply blocks, unpowered buildings, or Contaminate may cause inaccurate times.
  • Supply counts are checked every 10 seconds.